 Dungeon Crawl Stone Soup version 0.28-a0-533-g9f97627e2a (webtiles) character file.

Game seed: 8042946651415449070

7 Gargoyl the Skirmisher (level 2, -4/29 HPs)
             Began as a Gnoll Abyssal Knight on Sept 26, 2021.
             Was a Follower of Lugonu.
             Slain by a neqoxec (12 damage)
             ... on level 1 of the Abyss.
             The game lasted 00:00:16 (171 turns).

Gargoyl the Skirmisher (Gnoll Abyssal Knight)        Turns: 171, Time: 00:00:16

Health: -4/29      AC:  2    Str: 12      XL:     2   Next: 0%
Magic:  5/5        EV: 12    Int:  7 (9)  God:    Lugonu [*.....]
Gold:   0          SH:  0    Dex: 12      Spells: 1/1 levels left

rFire   . . .      SeeInvis .   a - +1 hand axe
rCold   . . .      Faith    .   (no shield)
rNeg    . . .      Spirit   .   b - +0 leather armour
rPois   .          Reflect  .   (no helmet)
rElec   .          Harm     .   (no cloak)
rCorr   .          Rampage  .   (no gloves)
Will    .....                   (no boots)
Stlth   +.........              (no amulet)
HPRegen 0.09/turn               (no ring)
MPRegen 0.09/turn               (no ring)

@: no status effects
A: fangs 1, strong nose, distributed training, deformed body, screaming 1
a: Renounce Religion, Depart the Abyss


You were on level 1 of the Abyss.
You worshipped Lugonu.
Lugonu was aware of your devotion.
You visited 0 branches of the dungeon, and saw 0 of its levels.
You visited the Abyss 1 time.

Inventory:

Hand Weapons
 a - a +1 hand axe (weapon)
Armour
 b - a +0 leather armour (worn)


   Skills:
 + Level 6.4 Fighting
 + Level 0.2 Short Blades
 + Level 0.2 Long Blades
 + Level 4.4 Axes
 + Level 0.2 Maces & Flails
 + Level 0.2 Polearms
 + Level 0.2 Staves
 + Level 0.2 Slings
 + Level 0.2 Bows
 + Level 0.2 Crossbows
 + Level 0.2 Throwing
 + Level 4.4 Armour
 + Level 2.4 Dodging
 + Level 0.2 Stealth
 + Level 0.2 Shields
 + Level 0.2 Unarmed Combat
 + Level 0.2 Spellcasting
 + Level 0.1 Conjurations
 + Level 0.1 Hexes
 + Level 0.1 Summonings
 + Level 0.1 Necromancy
 + Level 0.1 Translocations
 + Level 0.1 Transmutations
 + Level 0.1 Fire Magic
 + Level 0.1 Ice Magic
 + Level 0.1 Air Magic
 + Level 0.1 Earth Magic
 + Level 0.1 Poison Magic
 + Level 4.4 Invocations
 + Level 0.2 Evocations


You had one spell level left.
You didn't know any spells.
Your spell library was empty.

Dungeon Overview and Level Annotations

Branches:
Dungeon (0/15)

Altars:


Innate Abilities, Weirdness & Mutations

You have very sharp teeth.
Your uncanny sense of smell can sniff out nearby items.
Your experience applies equally to all skills.
Armour fits poorly on your strangely shaped body.
You occasionally shout uncontrollably at your foes.


Message History

Key pressed, stopping explore.
A neqoxec bursts from nowhere.
A neqoxec is nearby!
You closely miss the neqoxec. The neqoxec gestures at you.
Something tries to feed on your intellect!
Unknown command.
The neqoxec gestures at you.
You feel dopey. Something feeds on your intellect!
You slash the neqoxec! You bite the neqoxec, but do no damage.
The neqoxec is moderately wounded.
The neqoxec closely misses you.
You slash the neqoxec!
The neqoxec is heavily wounded.
The neqoxec gestures at you.
Strange energies course through your body.
Your body twists and deforms.
You barely miss the neqoxec. Your bite misses the neqoxec.
The neqoxec is heavily wounded.
The neqoxec completely misses you.
You hit the neqoxec but do no damage.
The neqoxec is heavily wounded.
The neqoxec gestures at you.
Strange energies course through your body.
You feel the urge to shout.
You barely miss the neqoxec.
The neqoxec is heavily wounded.
The neqoxec hits you!
You hit the neqoxec.
The neqoxec is heavily wounded.
The neqoxec hits you.
* * * LOW HITPOINT WARNING * * *
You closely miss the neqoxec.
The neqoxec is heavily wounded.
The neqoxec barely misses you.
You hit the neqoxec.
The neqoxec is heavily wounded.
The neqoxec hits you!
You die...

##.. #.. ≈#≈≈## ..
# # ..# ..
.≈≈.≈..# . . . .
.#.#. ≈..♣. . # #
##.. ..≈.≈.≈≈#.. #
#.
##.###.##.≈≈≈...##
## #. ##....
.≈≈.≈♣≈≈. . .....
.≈≈♣≈≈...... #.. #
#..#3≈≈≈# .### .#.
.. #.@≈≈≈#. ## #
.. #..#.≈♣≈#.....
. # .
###..≈≈≈..... ## #
≈♣≈≈### ##.. # #
≈≈≈.##.. .# #
..≈≈≈.. ..#
.##≈.#. #. . ≈
≈≈##. . . .. . ≈..
##


You could see a neqoxec.

Vanquished Creatures
  A white imp (Abyss:1)
1 creature vanquished.

Notes
Turn   | Place    | Note
-------+----------+-------------------------------------------
     0 | Abyss:1  | Gargoyl the Gnoll Abyssal Knight began the quest for the
                  | Orb.
     0 | Abyss:1  | Reached XP level 1. HP: 23/23 MP: 3/3
    79 | Abyss:1  | Noticed a large abomination
    95 | Abyss:1  | Reached XP level 2. HP: 12/29 MP: 5/5
   158 | Abyss:1  | Noticed a neqoxec
   165 | Abyss:1  | Gained mutation: Armour fits poorly on your strangely
                  | shaped body. [a neqoxec]
   167 | Abyss:1  | Gained mutation: You occasionally shout uncontrollably at
                  | your foes. [a neqoxec]
   171 | Abyss:1  | Slain by a neqoxec

Illustrated notes

Levels and vault maps discovered:
Abyss:1:  base: Temple, base:
Temple

Action                   || total
-------------------------++-------
Melee: Hand axe          ||    13
       Bite              ||     2
Armor: Leather armour    ||     2
Dodge: Dodged            ||     4

Table legend: (Time is in decaauts)
 A = Elapsed time spent in this place.
 B = Non-inter-level travel time spent in this place.
 C = Inter-level travel time spent in this place.
 D = Time resting spent in this place.
 E = Time spent auto-exploring this place.
 F = Levels seen in this place.
 G = Mean time per level.
                   A        B        C        D        E       F      G
               +--------+--------+--------+--------+--------+-----+--------+
         Total |    174 |    174 |      0 |      0 |    141 |   1 |  174.0 |
         Abyss |    174 |    174 |      0 |      0 |    141 |   1 |  174.0 |
               +--------+--------+--------+--------+--------+-----+--------+

Top non-repeatable levels by time:
 Abyss:1: 174 daAuts
